 Dungeon Crawl Stone Soup version 0.27-a0-887-gcab673c142 (webtiles) character file.

56928 KyrpaJooseppi the Jinx (level 14, 114/114 HPs)
             Began as a Vampire Enchanter on Aug 8, 2018.
             Was a High Priest of Dithmenos.
             Safely got out of the dungeon.
             The game lasted 01:30:28 (20636 turns).

KyrpaJooseppi the Jinx (Vampire Enchanter)         Turns: 20636, Time: 01:30:28

Health: 114/114    AC: 13    Str: 11    XL:     14   Next: 43%
Magic:  26/26      EV: 16    Int: 19    God:    Dithmenos [*****.]
Gold:   655        SH: 10    Dex: 14    Spells: 1/17 levels left

rFire    . . .     SeeInvis +   b - +6 dagger
rCold    . . .     Faith    .   D - +0 buckler of the Purple Skies {rN+}
rNeg     + . .     Spirit   .   g - +2 troll leather armour {Snorg}
rPois    .         Reflect  +   j - +2 helmet
rElec    .         Harm     .   x - +0 cloak
rCorr    +         Rampage  .   y - +0 pair of gloves
Will     +....                  (no boots)
Stlth    ++++++++..             H - amulet of reflection
HPRegen  1.49/turn              P - ring of magical power
MPRegen  0.20/turn              K - ring of resist corrosion

@: regenerating quickly, wreathed by umbra
A: alive, fangs 3, see invisible, unbreathing 1, vampiric 2
a: Exsanguinate, Renounce Religion, Shadow Step, Shadow Form


You escaped.
You worshipped Dithmenos.
Dithmenos was extremely pleased with you.
You visited 3 branches of the dungeon, and saw 18 of its levels.
You also visited: Ice Cave.

You collected 1507 gold pieces.
You spent 852 gold pieces at shops.

Inventory:

Hand Weapons
 a - the +8 scimitar "Ceq Gilu" {flame, Fly}
   (You bought it in a shop on level 13 of the Dungeon)

   It has been specially enchanted to burn those struck by it, causing extra
   injury to most foes and up to half again as much damage against particularly
   susceptible opponents.
   Big, fiery blades are also staple armaments of hydra-hunters.
   It grants you flight.
 b - a +6 dagger (weapon)
Armour
 g - a +2 troll leather armour (worn) {Snorg}
 j - a +2 helmet (worn)
 x - a +0 cloak (worn)
 y - a +0 pair of gloves (worn)
 D - the +0 buckler of the Purple Skies (worn) {rN+}
   (You found it on level 2 of the Lair of Beasts)

   It protects you from negative energy.
Magical Staves
 w - a staff of removedness
Jewellery
 H - an amulet of reflection (around neck)
 J - a ring of protection from cold
 K - a ring of resist corrosion (right hand)
 L - a ring of flight
 P - a ring of magical power (left hand)
Wands
 d - a wand of iceblast (21)
 v - a wand of polymorph (1)
 G - a wand of acid (6)
Scrolls
 e - 2 scrolls of fear
 f - a scroll of fog
 h - 8 scrolls of teleportation
 l - 2 scrolls of immolation
 o - 7 scrolls of removedness
 p - 5 scrolls of holy word
 s - 5 scrolls of amnesia
 C - a scroll of magic mapping
 F - 2 scrolls of identify
Potions
 c - 2 potions of mutation
 i - 2 potions of cancellation {unknown}
 k - a potion of lignification
 m - a potion of attraction
 n - 5 potions of curing
 q - 75 potions of degeneration
 r - a potion of heal wounds
 t - 2 potions of haste
 u - 2 potions of resistance
 z - 4 potions of brilliance
 A - 2 potions of magic
 E - a potion of ambrosia
Miscellaneous
 B - a removed fan of gales


   Skills:
 - Level 11.7 Fighting
 - Level 1.1(9.2) Short Blades
 + Level 12.8 Long Blades
 - Level 6.9 Armour
 - Level 10.0 Dodging
 - Level 12.0 Stealth
 - Level 4.0 Shields
 - Level 2.0 Spellcasting
 - Level 14.6 Hexes
 - Level 2.1 Invocations


You had one spell level left.
You knew the following spells:

 Your Spells              Type           Power      Damage    Failure   Level
c - Confusing Touch       Hex            55%        N/A       1%          3
d - Dazzling Flash        Conj/Hex       58%        N/A       3%          3
e - Ensorcelled Hibernat  Hex/Ice        58%        N/A       1%          2
m - Metabolic Englaciati  Hex/Ice        14%        N/A       28%         5
t - Tukima's Dance        Hex            55%        N/A       1%          3

Your spell library contained the following spells:

 Spells                   Type           Power      Damage    Failure   Level
 Corona                   Hex            61%        N/A       1%          1
 Shock                    Conj/Air       4%         1d3       22%         1
 Swiftness                Air            1%         N/A       32%         2
 Ozocubu's Armour         Ice            1%         N/A       54%         3
 Static Discharge         Conj/Air       1%         N/A       54%         3
 Airstrike                Air            0%         N/A       91%         4
 Ice Form                 Ice/Tmut       1%         N/A       91%         4
 Excruciating Wounds      Necr           0%         N/A       99%         5
 Lightning Bolt           Conj/Air       0%         1d11      99%         5
 Freezing Cloud           Conj/Ice/Air   0%         6-21      100%        6
 Simulacrum               Ice/Necr       0%         N/A       100%        6
 Ozocubu's Refrigeration  Ice            0%         4d5       100%        7


Dungeon Overview and Level Annotations

Branches:
Dungeon (14/15)            Temple (1/1) D:6            Lair (3/6) D:11
 Shoals (0/4) Lair:2        Snake (0/4) Lair:2          Orc (0/2) D:9
 Vaults (0/5) D:13

Altars:
Ashenzari
Dithmenos
Elyvilon
Fedhas
Gozag
Kikubaaqudgha
Makhleb
Okawaru
Qazlal
Ru
Trog
Uskayaw
Vehumet
Wu Jian
Xom
Yredelemnul
The Shining One

Shops:
D:10 x   D:11 (   D:13 (


Innate Abilities, Weirdness & Mutations

Your natural rate of healing is unusually fast.
You have razor-sharp teeth.
You have supernaturally acute eyesight. (SInv)
You can survive without breathing.
You are afflicted with vampirism and can become a bat while bloodless.


Message History

You climb upwards.
There is a stone staircase leading down here.
There is a stone staircase leading up here.
You climb upwards.
There is a stone staircase leading down here.
There is a stone staircase leading up here.
You climb upwards.
There is a stone staircase leading down here.
There is a stone staircase leading up here.
You climb upwards.
There is a stone staircase leading down here.
There is a stone staircase leading up here.
You climb upwards.
There is a stone staircase leading down here.
There is a stone staircase leading up here.
You climb upwards.
There is a stone staircase leading down here.
There is a stone staircase leading up here.
You climb upwards.
There is a stone staircase leading down here.
There is a stone staircase leading up here.
You climb upwards.
There is a stone staircase leading down here.
You see here a +0 dagger.
Things that are here:
15 stones; a +0 dagger; a +0 hunting sling
There is a stone staircase leading up here.
You see here a stone.
You climb upwards.
There is a stone staircase leading down, spattered with blood here.
Things that are here:
20 stones; a +0 hunting sling; a +0 dagger
There is a stone staircase leading up here.
You climb upwards.
There is a stone staircase leading down here.
You see here a -1 club.
You see here a -1 dagger.
There is a staircase leading out of the dungeon here.
Are you sure you want to leave the Dungeon?
This will make you lose the game!
You have escaped!

##..[####..# ##...
#..#####...# ##..
#...###..### ####
##...#...# ##.#.
#.....### #...#
#####.#'## ##.#..
##...####'## ##..###
#.....###..###..## #
#..@....##......#
##...###...#...##
##### ##.######
####################
#...........##......
#.###..####.########
#.#....####.# #...
#.#.##......# #.##
#.#.######..# #.#


There were no monsters in sight!

Vanquished Creatures
  A dire elephant (Lair:2)
  Nessos (D:14)
  Snorg (D:11)
  Josephine (D:14)
  2 ice dragons (IceCv)
  3 hydras
  4 two-headed ogres
  2 centaur warriors
  Erica (D:8)
  Nergalle (D:11)
  Urug (D:12)
  Sonja (D:11)
  3 cyclopes
  2 deep elf pyromancers
  10 ugly things
  5 manticores
  3 centaur zombies (D:14)
  17 elephants (Lair:2)
  2 gargoyles
  3 centaur skeletons
  8 cane toads
  3 rime drakes
  3 komodo dragons
  A yaktaur (shapeshifter) (D:13)
  5 trolls
  A blink frog (shapeshifter) (D:14)
  3 blink frogs (Lair:3)
  2 hornets
  A removed hippogriff (shapeshifter) (D:14)
  Prince Ribbit (D:5)
  5 removed hippogriffs
  A meliai zombie (D:10)
  A centaur simulacrum (D:13)
  4 shadows
  A water elemental (D:11)
  A spriggan (Lair:2)
  24 yaks
  5 wyverns
  Eustachio (D:5)
  4 wraiths (D:14)
  2 steam dragons (D:13)
  A basilisk (Lair:2)
  Menkaure (D:5)
  3 acid dragons
  2 nagas (Lair:2)
  4 water moccasins
  2 hell hounds (D:11)
  Duvessa (D:4)
  A hornet zombie (D:6)
  5 removed porcupines
  5 sky beasts
  7 orc warriors
  4 black bears
  13 ice beasts
  4 phantoms
  34 wolves (Lair:1)
  5 necrophages
  A removed eye of draining (D:14)
  5 centaurs
  6 ogres
  7 removed crocodiles
  Blork the orc (D:5)
  11 bullfrogs
  3 kobold brigands
  Dowan (D:4)
  3 wyvern skeletons
  4 scorpions
  11 killer bees
  6 howler monkeys
  A vampire bat (D:3)
  9 wights
  6 electric eels
  9 crimson imps
  3 bullfrog zombies
  2 quasits
  5 jellies
  6 hounds
  8 orc priests
  12 orc wizards
  4 bullfrog skeletons
  3 iguanas
  8 removed worker ants
  Natasha (D:3)
  Terence (D:3)
  2 hound skeletons
  A mummy (D:10)
  A howler monkey zombie (D:10)
  A removed worker ant zombie (D:8)
  Robin (D:3)
  7 adders
  3 gnolls (D:3)
  A howler monkey skeleton (D:7)
  3 shadow imps
  5 white imps (D:13)
  An endoplasm (D:3)
  3 worms
  3 adder skeletons
  A dart slug (D:4)
  4 fire bats
  36 orcs
  7 removed leopard geckos
  2 spectral bats (D:3)
  18 bats
  3 bat skeletons (D:3)
  A bat zombie (D:3)
  7 giant cockroaches
  20 goblins
  9 hobgoblins
  12 jackals
  9 kobolds
  4 quokkas
  3 ball pythons
  A bat simulacrum (D:3)
  9 frilled lizards
  A jackal skeleton (D:6)
  A quokka zombie (D:4)
  8 rats
  2 removed leopard gecko skeletons
  3 fungi
563 creatures vanquished.

Vanquished Creatures (collateral kills)
  A two-headed ogre (D:9)
  3 ice beasts (IceCv)
  An ogre (D:4)
5 creatures vanquished.

Vanquished Creatures (others)
  A dancing weapon (D:4)
  An orc wizard (D:11)
  A kobold (D:14)
  27 fungi
  13 plants
43 creatures vanquished.

Grand Total: 611 creatures vanquished

Notes
Turn   | Place    | Note
-------+----------+-------------------------------------------
     0 | D:1      | KyrpaJooseppi the Vampire Enchanter began the quest for the
                  | Orb.
     0 | D:1      | Reached XP level 1. HP: 13/13 MP: 3/3
   141 | D:1      | Reached skill level 1 in Fighting
   267 | D:1      | Reached XP level 2. HP: 21/21 MP: 5/5
   284 | D:1      | Learned a level 2 spell: Ensorcelled Hibernation
   938 | D:1      | Reached XP level 3. HP: 28/28 MP: 6/6
  1117 | D:1      | Learned a level 3 spell: Tukima's Dance
  2088 | D:3      | Reached XP level 4. HP: 28/35 MP: 7/7
  3005 | D:2      | Reached XP level 5. HP: 43/43 MP: 0/8
  3078 | D:2      | Learned a level 3 spell: Confuse
  3107 | D:3      | Noticed a centaur
  3263 | D:3      | Found a white marble altar of Elyvilon.
  3288 | D:3      | Killed a centaur
  3288 | D:3      | Reached skill level 6 in Hexes
  3311 | D:3      | Noticed Robin
  3318 | D:3      | Reached XP level 6. HP: 33/49 MP: 6/9
  3901 | D:3      | Noticed Terence
  4055 | D:3      | Killed Robin
  4204 | D:3      | Killed Terence
  4204 | D:3      | Reached skill level 7 in Hexes
  4222 | D:3      | Noticed Natasha
  4225 | D:3      | Killed Natasha
  4470 | D:3      | Reached skill level 8 in Hexes
  4751 | D:3      | Reached XP level 7. HP: 46/55 MP: 7/10
  4895 | D:3      | Reached skill level 9 in Hexes
  5205 | D:4      | Reached skill level 5 in Stealth
  5217 | D:4      | Noticed Duvessa
  5265 | D:4      | Killed Duvessa
  5608 | D:4      | Found a basalt altar of Yredelemnul.
  5745 | D:4      | Noticed Dowan
  5756 | D:4      | Killed Dowan
  6221 | D:5      | Entered Level 5 of the Dungeon
  6227 | D:5      | Noticed Menkaure
  6421 | D:5      | Killed Menkaure
  6421 | D:5      | Reached XP level 8. HP: 61/61 MP: 11/11
  6481 | D:5      | Noticed Eustachio
  6490 | D:5      | Killed Eustachio
  6490 | D:5      | Reached skill level 5 in Fighting
  6570 | D:5      | Noticed Blork the orc
  6582 | D:5      | Killed Blork the orc
  6957 | D:5      | Noticed Prince Ribbit
  6965 | D:5      | Killed Prince Ribbit
  7536 | D:6      | Reached XP level 9. HP: 62/74 MP: 12/12
  7732 | D:6      | Found a staircase to the Ecumenical Temple.
  7745 | Temple   | Entered the Ecumenical Temple
  7776 | Temple   | Became a worshipper of Dithmenos the Shadowed
  8057 | D:7      | Learned a level 3 spell: Dazzling Flash
  8817 | D:8      | Noticed Erica
  8834 | D:8      | Killed Erica
  8834 | D:8      | Reached skill level 10 in Fighting
  9018 | D:8      | Reached XP level 10. HP: 86/86 MP: 13/13
  9241 | D:8      | Reached * piety under Dithmenos
  9326 | D:8      | Identified the Almanac of Freezing Aid
  9328 | D:8      | Noticed a manticore
  9353 | D:8      | Killed a manticore
  9638 | D:8      | Got a shimmering silver amulet
  9639 | D:8      | Identified the amulet "Dunes" {Harm *Drain rN+ Stlth+} (You
                  | found it on level 8 of the Dungeon)
  9894 | D:9      | Got a bloodstained mace
  9895 | D:9      | Identified the +9 mace "Ohesaich" {crush, rN+ Str+3 Dex+6
                  | Stlth+} (You found it on level 9 of the Dungeon)
  9904 | D:9      | Found a shadowy altar of Dithmenos.
  9911 | D:9      | Found a staircase to the Orcish Mines.
  9973 | D:9      | Noticed a two-headed ogre
 10000 | D:9      | Killed a two-headed ogre
 10484 | D:9      | Noticed a two-headed ogre
 10494 | D:9      | Killed a two-headed ogre
 10509 | D:9      | Noticed a two-headed ogre
 10536 | D:9      | Reached XP level 11. HP: 95/95 MP: 14/14
 10546 | D:9      | Killed a two-headed ogre
 10664 | D:10     | Entered Level 10 of the Dungeon
 10666 | D:10     | Found Fadoih's Food Emporium.
 10667 | D:10     | Reached ** piety under Dithmenos
 10985 | D:10     | Reached skill level 10 in Dodging
 11070 | D:10     | Reached skill level 1 in Armour
 11502 | D:10     | Upgraded the game from 0.23-a0-54-gae6112e to
                  | 0.23-a0-61-g4bf3f6c
 11549 | D:10     | Reached *** piety under Dithmenos
 11650 | D:10     | Noticed a two-headed ogre
 11655 | D:10     | Killed a two-headed ogre
 11916 | D:11     | Found a staircase to the Lair.
 11934 | D:11     | Noticed a red ugly thing
 11940 | D:11     | Killed a red ugly thing
 12059 | D:11     | Reached skill level 5 in Armour
 12147 | D:11     | Noticed Nergalle
 12149 | D:11     | Noticed a spectral orc warlord
 12160 | D:11     | Noticed Snorg
 12173 | D:11     | Killed Nergalle
 12389 | D:11     | Killed Snorg
 12447 | D:11     | Noticed a purple ugly thing
 12466 | D:11     | Killed a purple ugly thing
 12690 | D:11     | Found Zosoopt's Antique Weapon Emporium.
 12699 | D:11     | Bought an encrusted falchion for 320 gold pieces
 12705 | D:11     | Identified the +7 falchion of Blind Justice {antimagic, rN+
                  | Int+3} (You bought it in a shop on level 11 of the Dungeon)
 12941 | D:11     | Reached skill level 1 in Long Blades
 13068 | D:11     | Noticed Sonja
 13074 | D:11     | Killed Sonja
 13094 | D:11     | Reached XP level 12. HP: 79/101 MP: 6/15
 13265 | D:11     | Upgraded the game from 0.23-a0-61-g4bf3f6c to
                  | 0.23-a0-78-gc252fe1
 13607 | D:11     | Bought a runed scimitar for 280 gold pieces
 13655 | D:12     | Found a shimmering altar of Xom.
 13673 | D:12     | Reached skill level 5 in Long Blades
 13729 | D:12     | Got an encrusted whip
 13730 | D:12     | Identified the cursed +0 whip of Midnight {flame, +Inv
                  | Stlth+} (You found it on level 12 of the Dungeon)
 13795 | D:12     | Noticed a seven-headed hydra
 13814 | D:12     | Killed a four-headed hydra
 14249 | D:12     | Noticed Urug
 14280 | D:12     | Killed Urug
 14568 | D:12     | Noticed an eight-headed hydra
 14584 | D:12     | Killed an eight-headed hydra
 14584 | D:12     | Reached **** piety under Dithmenos
 14584 | D:12     | Reached skill level 10 in Hexes
 14930 | D:12     | Reached skill level 11 in Hexes
 15236 | D:13     | Reached skill level 12 in Hexes
 15287 | D:13     | Found Luqig's Antique Weapon Boutique.
 15381 | D:13     | Found a gate to the Vaults.
 15523 | D:13     | Found a frozen archway.
 15528 | IceCv    | Entered an ice cave
 15565 | IceCv    | Reached skill level 13 in Hexes
 15622 | IceCv    | Reached ***** piety under Dithmenos
 15640 | IceCv    | Noticed an ice dragon
 15641 | IceCv    | Noticed an ice dragon
 15654 | IceCv    | Killed an ice dragon
 15676 | IceCv    | Killed an ice dragon
 15676 | IceCv    | Reached skill level 14 in Hexes
 16045 | D:13     | Reached XP level 13. HP: 107/107 MP: 16/16
 16112 | D:13     | Reached skill level 1 in Invocations
 16248 | D:13     | Learned a level 5 spell: Metabolic Englaciation
 16705 | D:14     | Noticed Josephine
 16718 | D:14     | Killed Josephine
 16718 | D:14     | Reached skill level 10 in Stealth
 17361 | D:14     | Noticed Nessos
 17366 | D:14     | Killed Nessos
 17502 | D:13     | Bought an ichor-stained scimitar for 252 gold pieces
 17502 | D:13     | Identified the +8 scimitar "Ceq Gilu" {flame, +Fly} (You
                  | bought it in a shop on level 13 of the Dungeon)
 17931 | D:14     | Reached skill level 10 in Long Blades
 18089 | Lair:1   | Entered Level 1 of the Lair of Beasts
 18523 | Lair:1   | Got a jewelled falchion
 18524 | Lair:1   | Identified the cursed +2 falchion of Niwkoc {drain, rElec
                  | rPois rC- Int+7} (You found it on level 1 of the Lair of
                  | Beasts)
 19013 | Lair:2   | Reached XP level 14. HP: 114/114 MP: 17/17
 19493 | Lair:2   | Got an encrusted buckler
 19499 | Lair:2   | Identified the +0 buckler of the Purple Skies {rN+} (You
                  | found it on level 2 of the Lair of Beasts)
 19532 | Lair:2   | Found a staircase to the Snake Pit.
 19560 | Lair:2   | Reached skill level 1 in Shields
 19646 | Lair:2   | Found a staircase to the Shoals.
 20208 | Lair:3   | Found a sacrificial altar of Ru.
 20212 | Lair:3   | Upgraded the game from 0.23-a0-78-gc252fe1 to
                  | 0.27-a0-887-gcab673c142
 20636 | D:$      | Safely got out of the dungeon.

Illustrated notes

Levels and vault maps discovered:
D:1:      dpeg_cavernosity
D:3:      nicolae_overflow_crystal_walls, goddamned_bats, uniq_natasha,
          uniq_robin, uniq_terence
D:4:      interstate_on_off, kennysheep_diamond, hangedman_feature_mirror,
          uniq_duvessa
D:5:      first_ration, uniq_prince_ribbit1, uniq_blork_the_orc, uniq_menkaure,
          uniq_eustachio
D:6:      minmay_temple_entry_fiery
D:8:      minmay_the_grid_octo_triangle, uniq_erica
D:9:      orc_0_dummy, grunt_dithmenos_smoke_and_mirrors
D:10:     serial_undead, serial_undead_c, serial_undead_f, serial_undead_f,
          serial_undead_e, serial_undead_c, serial_shops, shop, grunt_ogre_cave,
          hangedman_abyss_or_decor_jellyfish_corner
D:11:     wad_lake_hut, minmay_lair_entry_lava, serial_shops,
          nicolae_shop_overgrown_old_shop, uniq_sonja, uniq_snorg, uniq_nergalle
D:12:     basic_altar, lab_entry_generic, uniq_urug
D:13:     wad_crossroads, serial_shops, kennysheep_little_box, serial_ice,
          serial_ice_l, serial_ice_o, serial_ice_a, serial_ice_h, serial_ice_d,
          serial_ice_e, portal_ice_cave_entry_pillars_2
D:14:     minmay_misc_feat_diagonals, uniq_josephine, uniq_nessos
Temple:   grunt_wide_crystal_templ
Lair:1:   grunt_forest_large_clearings
Lair:2:   mu_elephants_graveyard, minmay_shoals_entry_beasts,
          guppyfry_snake_entry_garden
Lair:3:   basic_altar, infiniplex_staircase_pool, lemuel_fruit_fields

Skill      XL: |  1  2  3  4  5  6  7  8  9 10 11 12 13 14 |
---------------+-------------------------------------------+-----
Fighting       | 1 2 3 4 8 10 11 | 11.7
Hexes          | 6 8 9 14 | 14.6
Stealth        | 9 12 | 12.0
Dodging        | 8 10 | 10.0
Armour         | 6 |  6.9
Long Blades    | 3 7 11 12 | 12.8
Invocations    | 2 |  2.1
Shields        | 4 |  4.0
Short Blades   | |  1.1
Spellcasting   | |  2.0

Action                   |  1- 3 |  4- 6 |  7- 9 | 10-12 | 13-15 || total
-------------------------+-------+-------+-------+-------+-------++-------
Melee: Dagger            |   189 |   355 |   314 |   330 |   118 ||  1306
       Bite              |    19 |    24 |    32 |    76 |    56 ||   207
       Mace              |       |       |       |   157 |       ||   157
       Scimitar          |       |       |       |   230 |   336 ||   566
Throw: Throwing net      |       |       |       |     3 |       ||     3
 Cast: Ensorcelled Hiber |     7 |    52 |    48 |   109 |    65 ||   281
       Confuse           |       |     2 |    12 |    51 |     8 ||    73
       Tukima's Dance    |       |       |     3 |     2 |       ||     5
       Dazzling Flash    |       |       |       |     2 |     3 ||     5
Invok: Shadow Step       |       |       |       |     3 |     5 ||     8
 Abil: End Transformatio |       |     3 |     1 |     5 |       ||     9
       Bat Form          |       |     3 |     1 |     5 |       ||     9
       Evoke Flight      |       |       |     1 |     2 |       ||     3
Evoke: Wand              |       |       |     6 |    18 |    18 ||    42
       Removed sack of s |       |       |       |     1 |       ||     1
  Use: Scroll            |     7 |     1 |     7 |    12 |    11 ||    38
       Potion            |     4 |    16 |    26 |    36 |    20 ||   102
 Stab: Sleeping          |    18 |    25 |    53 |    82 |    58 ||   236
       Confused          |       |     2 |     4 |    38 |    12 ||    56
       Paralysed         |       |       |       |     3 |       ||     3
       Distracted        |       |       |       |     4 |     2 ||     6
       Invisible         |       |       |       |     1 |     1 ||     2
       Held in net/web   |       |       |       |     1 |       ||     1
Armor: Robe              |    40 |   132 |    66 |    58 |       ||   296
       Troll leather arm |       |       |       |    75 |    96 ||   171
Dodge: Dodged            |   102 |   307 |   175 |   765 |   398 ||  1747
Block: Other             |       |       |       |   239 |   130 ||   369
       Reflection        |       |       |       |     5 |     1 ||     6
       Buckler           |       |       |       |       |    29 ||    29
       Rpst.: Scimitar   |       |       |       |    61 |    95 ||   156

Table legend: (Time is in decaauts)
 A = Elapsed time spent in this place.
 B = Non-inter-level travel time spent in this place.
 C = Inter-level travel time spent in this place.
 D = Time resting spent in this place.
 E = Time spent auto-exploring this place.
 F = Levels seen in this place.
 G = Mean time per level.
                   A        B        C        D        E       F      G
               +--------+--------+--------+--------+--------+-----+--------+
         Total |  20392 |  19248 |   1144 |   4293 |   7826 |  19 | 1073.3 |
       Dungeon |  17838 |  16854 |    984 |   4196 |   6862 |  14 | 1274.1 |
        Temple |     40 |     32 |      8 |      0 |     22 |   1 |   40.0 |
          Lair |   2174 |   2023 |    151 |     97 |    922 |   3 |  724.7 |
      Ice Cave |    339 |    339 |      0 |      0 |     20 |   1 |  339.0 |
               +--------+--------+--------+--------+--------+-----+--------+

Top non-repeatable levels by time:
     D:1: 108 daAuts
  Lair:1: 54 daAuts
     D:7: 50 daAuts
  Lair:3: 37 daAuts
  Lair:2: 32 daAuts
     D:9: 29 daAuts
    D:11: 29 daAuts
     D:4: 26 daAuts
     D:2: 17 daAuts
     D:5: 15 daAuts
     D:6: 10 daAuts
     D:8: 8 daAuts
     D:3: 5 daAuts
    D:10: 4 daAuts
Note: time per level data comes from an upgraded game and may be incomplete.
